 Dungeon Crawl Stone Soup version 0.25-a0-413-g3b4b6a4ccc (webtiles) character file.

Game seed: 6257224120212552294, levelgen mode: deterministic

2252 Henning the Grappler (level 9, -1/88 HPs)
             Began as a Troll Monk on Jan 16, 2020.
             Was a Priest of Okawaru.
             Shot with an arrow by a centaur (16 damage)
             ... on level 7 of the Dungeon.
             The game lasted 00:13:26 (5286 turns).

Henning the Grappler (Troll Monk)                   Turns: 5286, Time: 00:13:27

Health: -1/88      AC:  7    Str: 23    XL:     9   Next: 15%
Magic:  10/10      EV: 10    Int:  6    God:    Okawaru [***...]
Gold:   249        SH:  0    Dex: 13    Spells: 8/8 levels left

rFire    . . .     SeeInvis .     - Unarmed
rCold    + . .     Gourm    +   (no shield)
rNeg     . . .     Faith    .   a - +0 robe
rPois    .         Spirit   .   (helmet restricted)
rElec    .         Reflect  .   h - +0 cloak
rCorr    .         Harm     .   (gloves unavailable)
MR       .....                  (boots unavailable)
Stlth    ++........             (no amulet)
HPRegen  0.64/turn              l - ring of protection from cold
MPRegen  0.12/turn              n - ring of wizardry

@: no status effects
A: large, unfitting armour, claws 3, fast metabolism 3, gourmand, regeneration
1, shaggy fur 1, tough skin 3
a: Heroism, Renounce Religion


You were on level 7 of the Dungeon.
You worshipped Okawaru.
Okawaru was most pleased with you.
You were completely stuffed.

You visited 1 branch of the dungeon, and saw 7 of its levels.

You collected 249 gold pieces.

Inventory:

Missiles
 g - 266 stones (quivered)
Armour
 a - a +0 robe (worn)
 h - a +0 cloak (worn)
Jewellery
 l - a ring of protection from cold (left claw)
 n - a ring of wizardry (right claw)
Scrolls
 c - a scroll of fear
 d - a scroll of magic mapping
 o - a scroll of remove curse
 r - a scroll of enchant armour {unknown}
 s - 2 scrolls of amnesia {unknown}
 u - a scroll of random uselessness {unknown}
Potions
 e - 5 potions of heal wounds
 f - a potion of haste
 i - a potion of berserk rage
 j - a potion of resistance
 k - 3 potions of flight
 m - 7 potions of curing
 p - a potion of lignification
 q - a potion of invisibility
 t - a potion of cancellation {unknown}
Comestibles
 b - 13 rations
 v - 3 chunks of flesh


   Skills:
 + Level 5.3 Fighting
 - Level 2.4 Dodging
 - Level 3.4 Stealth
 * Level 8.8 Unarmed Combat
 + Level 3.7 Invocations


You had 8 spell levels left.
You didn't know any spells.
Your spell library contained the following spells:

 Spells                   Type           Power        Failure   Level  Hunger
 Beastly Appendage        Tmut           #.....       21%         1    ##.....
 Sticks to Snakes         Tmut           #.......     28%         2    ###....
 Spider Form              Tmut/Pois      #.........   50%         3    ####...
 Ice Form                 Ice/Tmut       #.......     86%         4    #####..
 Blade Hands              Tmut           #.........   99%         5    ######.


Dungeon Overview and Level Annotations

Branches:
Dungeon (7/15)
 Temple: D:4-7

Altars:
Ashenzari
Kikubaaqudgha
Nemelex Xobeh
Okawaru
Ru
Trog
Vehumet

Shops:
D:4 !

Annotations:
D:3 2 transporters, PeterQ's ghost, amateur VSMo
D:7 Harold


Innate Abilities, Weirdness & Mutations

You are too large for most types of armour.
You have claws for hands.
Your metabolism is lightning-fast.
You like to eat raw meat.
Your natural rate of healing is unusually fast.
You are covered in fur. (AC +1)
You have extremely tough skin. (AC +3)


Message History

You see here 17 arrows.
The centaur closely misses you. Harold hits you with a +0 dire flail.
The centaur hits you.
You climb upwards.
There is a stone staircase leading down, spattered with blood here.
The centaur misses you. Harold barely misses you.
You climb downwards.
There is a stone staircase leading up, spattered with blood here.
You see here 17 arrows.
The centaur wields a +0 shortbow.
The centaur shoots an arrow.
The arrow barely misses you. Harold fires a harpoon shot at you.
The harpoon shot hits you!!
* * * LOW HITPOINT WARNING * * *
You are yanked forward by the harpoon shot.
There is a stone staircase leading up, spattered with blood here.
You see here 17 arrows.
The centaur shoots an arrow.
The arrow completely misses you.
The centaur shoots an arrow.
The arrow hits you!
You die...

#.......(......!
####.###(#...##
#..##.#..## ##.##.#..#
#$......# ###...#.##
#####...#..###
###.......@....#
#.....(.((c<@((##
.....#####.###<..#####.
#### #.####(.......
#(....(#..####
(.......##...#
........# ##...
........# ### #########


You could see Harold and a centaur.

Vanquished Creatures
  Grinder (D:3)
  A hippogriff (D:6)
  Menkaure (D:5)
  Duvessa (D:5)
  An ice beast (D:5)
  A phantom (D:5)
  4 ogres
  A necrophage (D:6)
  2 centaurs
  2 bullfrogs (D:6)
  Dowan (D:5)
  A crimson imp (D:5)
  2 hounds
  4 jellies
  Crazy Yiuf (D:3)
  A bullfrog skeleton (D:7)
  Natasha (D:2)
  3 worker ants
  A worker ant zombie (D:6)
  8 gnolls
  A howler monkey skeleton (D:4)
  8 adders
  3 shadow imps (D:5)
  10 oozes
  2 dart slugs (D:2)
  3 worms
  7 leopard geckos
  22 orcs
  11 bats
  2 giant cockroaches (D:3)
  13 goblins
  3 hobgoblins
  3 jackals
  5 quokkas
  A ball python (D:5)
  2 frilled lizards (D:2)
  14 kobolds
  A quokka skeleton (D:4)
  4 rats
153 creatures vanquished.

Vanquished Creatures (others)
  2 fungi (D:2)
  9 toadstools (D:2)
11 creatures vanquished.

Grand Total: 164 creatures vanquished

Notes
Turn   | Place    | Note
-------+----------+-------------------------------------------
     0 | D:1      | Henning the Troll Monk began the quest for the Orb.
     0 | D:1      | Reached XP level 1. HP: 22/22 MP: 0/0
   280 | D:1      | Reached XP level 2. HP: 29/29 MP: 1/1
   583 | D:2      | Reached XP level 3. HP: 36/36 MP: 2/2
   887 | D:2      | You fall into a shaft and drop 2 floors!
   890 | D:4      | Reached skill level 4 in Unarmed Combat
   890 | D:4      | Reached XP level 4. HP: 44/44 MP: 3/3
   938 | D:4      | Found Etekhliyr's Distillery.
  1050 | D:3      | Found a shattered altar of Ashenzari.
  1327 | D:2      | Noticed Natasha
  1331 | D:2      | Killed Natasha
  1487 | D:2      | Reached XP level 5. HP: 53/53 MP: 4/4
  1650 | D:2      | Reached XP level 6. HP: 55/61 MP: 5/5
  1820 | D:3      | Found a faded altar of an unknown god.
  1841 | D:3      | Found a radiant altar of Vehumet.
  1873 | D:3      | Found a transporter.
  1873 | D:3      | Noticed PeterQ's ghost (amateur VSMo)
  1914 | D:3      | Noticed Grinder
  1921 | D:3      | Paralysed by Grinder for 6 turns
  1932 | D:3      | Paralysed by Grinder for 6 turns
  1941 | D:3      | Paralysed by Grinder for 5 turns
  1976 | D:3      | Killed Grinder
  1976 | D:3      | Reached skill level 5 in Unarmed Combat
  1995 | D:3      | Found an ancient bone altar of Kikubaaqudgha.
  2029 | D:3      | Found a bloodstained altar of Trog.
  2102 | D:3      | Reached XP level 7. HP: 65/67 MP: 6/6
  2267 | D:3      | Found a runed translucent door.
  2268 | D:3      | Noticed Crazy Yiuf
  2301 | D:3      | Found a sparkling altar of Nemelex Xobeh.
  2308 | D:3      | Found a transporter.
  2313 | D:3      | Noticed a hungry ghost
  2551 | D:3      | Killed Crazy Yiuf
  3054 | D:4      | Reached skill level 6 in Unarmed Combat
  3283 | D:4      | Found an iron altar of Okawaru.
  3313 | D:4      | Became a worshipper of Warmaster Okawaru
  3313 | D:4      | Reached * piety under Okawaru
  3313 | D:4      | Reached ** piety under Okawaru
  3369 | D:5      | Entered Level 5 of the Dungeon
  3453 | D:5      | Reached skill level 1 in Invocations
  3613 | D:5      | Noticed Menkaure
  3731 | D:5      | Killed Menkaure
  3731 | D:5      | Reached XP level 8. HP: 77/78 MP: 6/8
  3821 | D:5      | Reached skill level 7 in Unarmed Combat
  4013 | D:5      | Found a sacrificial altar of Ru.
  4048 | D:5      | Noticed Duvessa
  4048 | D:5      | Noticed Dowan
  4063 | D:5      | Killed Duvessa
  4074 | D:5      | Killed Dowan
  4351 | D:5      | Reached *** piety under Okawaru
  4694 | D:7      | Noticed a hippogriff
  4711 | D:6      | Reached skill level 8 in Unarmed Combat
  4775 | D:6      | Killed a hippogriff
  4775 | D:6      | Reached skill level 5 in Fighting
  4921 | D:6      | Reached XP level 9. HP: 48/88 MP: 10/10
  5064 | D:7      | Noticed Harold
  5286 | D:7      | Shot with an arrow by a centaur

Levels and vault maps discovered:
D:1:      lordsloth_arrival_two_stooges, layout_basic
D:2:      cheibrodos_fertilizer, layout_loops_ring, first_ration,
          minmay_diced_spiral, uniq_natasha
D:3:      layout_basic, lemuel_round_altar, lemuel_crystal_altar,
          vehumet_crystals, nemelex_xobeh_ov_fountains_minmay,
          kiku_gazebo_garden_becter, chequers_ecumenical_altar_island,
          gammafunk_ghost_mausoleum, uniq_crazy_yiuf_cottage, uniq_grinder
D:4:      layout_loops_ring, okawaru_altar_gauntlet_db, serial_shops,
          kennysheep_mini, kennysheep_generic_room_4
D:5:      layout_loops_corners, kennysheep_mini_moat, uniq_menkaure,
          uniq_duvessa
D:6:      layout_basic, old_standard_altar, minmay_temple_entry_poolview
D:7:      layout_rooms, lemuel_doored_altar, the_bakery, uniq_harold

Skill      XL: |  1  2  3  4  5  6  7  8 |
---------------+-------------------------+-----
Unarmed Combat | 4 5 6 8 |  8.8
Stealth        | 2 3 |  3.4
Fighting       | 3 4 5 |  5.3
Invocations    | 1 3 |  3.7
Dodging        | |  2.4

Action                   |  1- 3 |  4- 6 |  7- 9 || total
-------------------------+-------+-------+-------++-------
Melee: Unarmed           |    70 |   115 |   218 ||   403
       Punch             |     1 |     3 |    10 ||    14
Throw: Stone             |     4 |       |     4 ||     8
  Use: Scroll            |       |       |    12 ||    12
 Stab: Sleeping          |     2 |     2 |     4 ||     8
  Eat: Chunk             |    14 |    11 |    29 ||    54
Armor: Robe              |    33 |    32 |    73 ||   138
Dodge: Dodged            |    43 |    56 |   132 ||   231

Table legend:
 A = Non-vault XP
 B = Vault XP
 C = Vault XP percentage of total XP
 D = Non-vault monster count
 E = Vault monster count
 F = Vault count percentage of total count
                 A         B        C        D         E       F
            +---------+---------+-------+---------+---------+-------
      Total |    2255 |     963 |  29.9 |     117 |      36 |  23.5
            +---------+---------+-------+---------+---------+-------
        D:1 |      19 |       0 |   0.0 |      12 |       0 |   0.0
        D:2 |      68 |     259 |  79.2 |      23 |      25 |  52.1
        D:3 |     116 |     313 |  73.0 |      29 |       2 |   6.5
        D:4 |     329 |      11 |   3.2 |      16 |       6 |  27.3
        D:5 |     700 |     380 |  35.2 |      22 |       3 |  12.0
        D:6 |     871 |       0 |   0.0 |      12 |       0 |   0.0
        D:7 |     152 |       0 |   0.0 |       3 |       0 |   0.0
            +---------+---------+-------+---------+---------+-------
